AoeStats
← Xtreme | ticohzao

Nomad

508549634Analyzed
4v4 RM · 10d ago on Sep 23, 2026· 50m 2s· 8 players
Game mode
Random Map
Map size
231×231
Population
200
Speed
Normal
Resources
Standard
Victory
Conquest
Starting age
Dark Age
Ending age
Imperial Age
RankedLock teamsTeams togetherTeam positionsShared explorationLock speedFull tech treeHidden civsTurbo modeCheats
Victory
Defeat
🇧🇷 Dravidians · Brazil
1598
+10
🇧🇷 Malians · Brazil
1452
+15
🇦🇷 Spanish · Argentina
1451
+15
🇧🇷 Persians · Brazil
1409
+18
🇧🇷 Persians · Brazil
1464
-15
🇧🇷 Muisca · Brazil
1455
-15
🇨🇦 Saxons · Canada
1445
-15
🇧🇷 Koreans · Brazil
1405
-13
GuguBot
4:49 Loom
13:01 Feudal Age
16:37 Castle Age
15:51 Double-Bit Axe
19:37 Redemption
20:38 Fervor
28:52 Scale Mail Armor
29:14 Fletching
31:41 Bodkin Arrow
32:47 Atonement
41:04 Sanctity
41:23 Medium Warships
42:11 Forging
42:45 Fishing Lines
Bet0
4:59 Loom
13:25 Feudal Age
17:18 Castle Age
18:01 Fletching
31:18 Double-Bit Axe
34:13 Wheelbarrow
35:58 Bow Saw
36:18 Horse Collar
36:50 Bodkin Arrow
38:49 Heavy Plow
38:40 Gold Mining
40:56 Gold Shaft Mining
41:49 Stone Mining
43:08 Stone Shaft Mining
43:57 Fishing Lines
Tamy Chan
4:13 Loom
13:28 Feudal Age
15:16 Fletching
16:14 Fishing Lines
17:40 Town Watch
23:34 Castle Age
21:21 Double-Bit Axe
22:50 Gold Mining
24:31 Bow Saw
23:48 Crossbowman
25:30 Bloodlines
25:20 Husbandry
25:28 Scale Barding Armor
25:33 Forging
27:17 Chain Barding Armor
28:08 Gillnets
30:54 Iron Casting
33:56 Wheelbarrow
36:54 Hand Cart
41:31 Imperial Age
41:13 Cavalier
43:05 Plate Barding Armor
43:30 Blast Furnace
riduridu_
4:13 Loom
13:24 Feudal Age
20:39 Castle Age
19:43 Fletching
20:49 Double-Bit Axe
21:32 Bodkin Arrow
22:06 Bow Saw
25:58 Ballistics
27:31 Stone Mining
27:31 Gold Mining
29:21 Crossbowman
30:37 Horse Collar
36:01 Thumb Ring
39:48 Imperial Age
37:51 Padded Archer Armor
39:30 Leather Archer Armor
40:39 Bracer
41:49 Chemistry
40:31 Arbalester
41:28 Pikeman
44:14 Ring Archer Armor
44:34 Scale Mail Armor
45:33 Forging
46:08 Halberdier
46:48 Squires
47:48 Chain Mail Armor
49:02 Plate Mail Armor
49:26 Iron Casting
49:04 Masonry
Shadow_BR
5:00 Loom
12:02 Feudal Age
16:09 Castle Age
16:06 Fletching
31:01 Horse Collar
37:24 Double-Bit Axe
42:35 Bow Saw
42:25 Heavy Plow
43:25 Heavy Plow
44:10 Gold Mining
48:43 Imperial Age
46:19 Stone Mining
49:18 Squires
49:05 Gambesons
49:07 Arson
49:56 Wootz Steel
50:00 Conscription
50:33 Scale Mail Armor
50:44 Forging
Xtreme | ticohzao
5:41 Loom
14:22 Feudal Age
15:03 Double-Bit Axe
22:35 Castle Age
22:33 Scale Barding Armor
22:38 Forging
23:34 Bloodlines
23:47 Chain Barding Armor
25:24 Bow Saw
27:57 Iron Casting
27:14 Horse Collar
29:57 Gold Mining
30:33 Stone Mining
32:39 Husbandry
33:46 Wheelbarrow
38:30 Imperial Age
36:22 Town Watch
37:54 Gold Shaft Mining
37:51 Heavy Plow
39:54 Plate Barding Armor
38:50 Cavalier
41:20 Blast Furnace
46:49 Savar
48:44 Stone Shaft Mining
Xtreme | Rayden
3:39 Loom
13:10 Feudal Age
17:16 Castle Age
16:56 Fishing Lines
17:10 Double-Bit Axe
21:58 Scale Mail Armor
23:29 Forging
25:17 Town Watch
27:16 Chain Mail Armor
27:36 Iron Casting
28:23 Horse Collar
30:27 Bow Saw
30:21 Heavy Plow
31:55 Wheelbarrow
37:51 Imperial Age
37:58 Heavy Camel Rider
38:50 Bloodlines
38:40 Husbandry
39:14 Scale Barding Armor
40:22 Farimba
40:49 Chain Barding Armor
43:06 Conscription
43:38 Hand Cart
43:16 Gold Mining
43:16 Stone Mining
45:07 Cavalier
47:34 Plate Barding Armor
47:37 Fletching
48:23 Crop Rotation
48:29 Gold Shaft Mining
47:45 Stone Mining
48:40 Plate Mail Armor
48:10 Padded Archer Armor
50:08 Bodkin Arrow
BashfulBlock3
5:16 Loom
13:06 Feudal Age
17:02 Castle Age
24:05 Padded Archer Armor
Connection lost

Rejoining the realm…

Still unreachable

The connection could not be restored.

Session expired

The server has moved on; the page needs a fresh start.